 Dungeon Sprint DCSS version 0.21-a0-91-ga5031da (webtiles) character file.

4606 Kidiri the Martial Artist (level 10, -2/90 HPs)
             Began as a Red Draconian Transmuter on June 28, 2017.
             Was the Champion of Wu Jian.
             Slain by a snapping turtle (17 damage)
             ... in the Dungeon (Sprint VII: "The Pits").
             The game lasted 00:06:27 (1445 turns).

Kidiri the Martial Artist (DrTm)                    Turns: 1445, Time: 00:06:27

Health: -2/90      AC: 12    Str: 14    XL:     10   Next: 19%
Magic:  19/20      EV: 18    Int: 18    God:    Wu Jian [******]
Gold:   0          SH:  0    Dex: 14    Spells: 8/23 levels left

rFire    + . .     SeeInvis .     - Unarmed
rCold    . . .     Gourm    .   (no shield)
rNeg     . . .     Faith    .   (armour unavailable)
rPois    .         Spirit   .   (helmet restricted)
rElec    .         Reflect  .   v - +0 cloak
rCorr    .         Harm     .   (no gloves)
MR       .....     NoTele   +   u - +0 pair of boots
Stlth    ++........             (no amulet)
HPRegen  0.25/turn              q - +3 ring of protection
MPRegen  0.17/turn              r - +3 ring of intelligence

@: exhausted, glowing, heavenly storm
A: breathe fire, unfitting armour, talons 1, clever 1, fire resistance 1,
mutation resistance 1, cold-blooded, AC +7
a: Breathe Fire, Serpent's Lash, Heavenly Storm, Renounce Religion


You were in the Dungeon.
You worshipped Wu Jian.
Wu Jian was exalted by your worship.
You were very full.

You visited 1 branch

Inventory:

Missiles
 a - 50 arrows
Armour
 u - a +0 pair of boots (worn)
 v - a +0 cloak (worn)
Jewellery
 q - a +3 ring of protection (left hand)
 r - a +3 ring of intelligence (right hand)
Wands
 j - a wand of flame (25/48)
Scrolls
 i - a scroll of blinking
 l - 3 scrolls of remove curse
 m - 5 scrolls of amnesia
 n - a scroll of summoning
Potions
 d - 6 potions of curing
 e - 9 potions of heal wounds
 f - 3 potions of haste
 g - 4 potions of magic
 h - 2 potions of berserk rage
 k - 2 potions of invisibility
 s - a potion of agility
 t - a potion of resistance
Books
 b - a book of Changes

   Spells                             Type                      Level
   a - Beastly Appendage              Transmutation                1
   b - Sticks to Snakes               Transmutation                2
   c - Spider Form                    Transmutation/Poison         3
   d - Ice Form                       Ice/Transmutation            4
   e - Blade Hands                    Transmutation                5
Comestibles
 c - 8 bread rations
 o - 28 fruits
 p - 7 meat rations


   Skills:
 + Level 8.4 Fighting
 * Level 10.0 Dodging
 + Level 7.4 Stealth
 * Level 11.1 Unarmed Combat
 + Level 7.3 Spellcasting
 * Level 10.7 Transmutations
 + Level 5.0 Ice Magic
 + Level 7.1 Poison Magic


You had 8 spell levels left.
You knew the following spells:

 Your Spells              Type           Power        Failure   Level  Hunger
a - Beastly Appendage     Tmut           #####.       1%          1    None
b - Sticks to Snakes      Tmut           #####...     1%          2    None
c - Spider Form           Tmut/Pois      #####.....   1%          3    #......
d - Ice Form              Ice/Tmut       ####....     4%          4    ###....
e - Blade Hands           Tmut           #####.....   3%          5    #####..


Dungeon Overview and Level Annotations

Branches:
Dungeon (1/1)

Altars:
Ashenzari
Cheibriados
Dithmenos
Elyvilon
Fedhas
Gozag
Hepliaklqana
Kikubaaqudgha
Makhleb
Nemelex Xobeh
Okawaru
Qazlal
Ru
Sif Muna
Trog
Uskayaw
Vehumet
Wu Jian
Xom
Yredelemnul
Zin
The Shining One
Beogh
Jiyva
Lugonu


Innate Abilities, Weirdness & Mutations

You can breathe blasts of fire.
Your fiery red scales are hard. (AC +7)
You cannot fit into any form of body armour.
Your flesh is heat resistant. (rF+)
You are cold-blooded and may be slowed by cold attacks.
You have sharp toenails.
Your mind is acute. (Int +2)
You are somewhat resistant to further mutation.


Message History

Your Unarmed Combat skill increases to level 11!
Your Poison Magic skill increases to level 7!
You spin and attack the vampire mosquito.
You hit the vampire mosquito.
The vampire mosquito is heavily damaged.
The vampire mosquito completely misses you.
The snapping turtle closely misses you. The vampire mosquito barely misses you.
There is an open door here.
You spin and attack the vampire mosquito.
You pummel the vampire mosquito!!
You destroy the vampire mosquito!
The Council accepts your kill.
Your Ice Magic skill increases to level 5!
The snapping turtle bites you from afar!!
* * * LOW HITPOINT WARNING * * *
You see here an inedible chunk of flesh.
Unknown command.
The snapping turtle misses you.
The snapping turtle bites you from afar!
You die...

))##.......##''### ###
))##.......##....##..+
..##.......##...##...#
+###...<...##))##...#
..##.......##).#...## .
..##.......##..'..##....## .
####.......##.##§§#.......## . ..
############§§§+.... ...## ..
.#############§§@§#....####..##..
)#....#...[##.§#§§##..##.t##..y..
+#....#..[.##.###§t##yo.yk.'..#
)+....+..))####.##§§#§##..##..#
+#....#..))###...+§§§§§####...##
.#....#..))##....#§§##§§§§§....#
################################


You could see a snapping turtle.

Vanquished Creatures
  A rakshasa (D)
  A deep troll (D)
  A lindwurm (D)
  A demonic crawler (D)
  A guardian mummy (D)
  A polar bear (D)
  A hellwing (D)
  A shadow (D)
  A tarantella (D)
  A spriggan (D)
  A vampire (D)
  Eustachio (D)
  3 vampire mosquitoes (D)
  A fire bat (D)
  An acid dragon (D)
  A porcupine (D)
  Purgy (D)
  A black bear (D)
  A sky beast (D)
  2 centaurs (D)
  A small abomination (D)
  An orc wizard (D)
  A quasit (D)
  Crazy Yiuf (D)
  2 adders (D)
  A gnoll (D)
  2 river rats (D)
  An ufetubus (D)
  An orc (D)
  A giant cockroach (D)
  A goblin (D)
  A hobgoblin (D)
  4 jackals (D)
  2 frilled lizards (D)
  A kobold (D)
  4 rats (D)
48 creatures vanquished.

Notes
Turn   | Place    | Note
-------+----------+-------------------------------------------
     0 | D        | Kidiri the Draconian Transmuter began the quest for the Orb.
     0 | D        | Reached XP level 1. HP: 16/16 MP: 3/3
    20 | D        | Reached skill level 1 in Stealth
    20 | D        | Reached XP level 2. HP: 16/24 MP: 3/5
    52 | D        | Found a bloodstained altar of Trog.
    52 | D        | Found a deep blue altar of Sif Muna.
    52 | D        | Found a viscous altar of Jiyva.
    52 | D        | Found a hazy altar of Hepliaklqana.
    52 | D        | Found an opulent altar of Gozag.
    53 | D        | Found a glowing golden altar of the Shining One.
    53 | D        | Found a glowing silver altar of Zin.
    53 | D        | Found a basalt altar of Yredelemnul.
    53 | D        | Found a shimmering altar of Xom.
    53 | D        | Found an ornate altar of the Wu Jian Council.
    53 | D        | Found a sacrificial altar of Ru.
    53 | D        | Found a stormy altar of Qazlal.
    53 | D        | Found an iron altar of Okawaru.
    53 | D        | Found a sparkling altar of Nemelex Xobeh.
    53 | D        | Found a burning altar of Makhleb.
    53 | D        | Found a blossoming altar of Fedhas.
    53 | D        | Found a white marble altar of Elyvilon.
    53 | D        | Found a shadowy altar of Dithmenos.
    53 | D        | Found a snail-covered altar of Cheibriados.
    55 | D        | Found a radiant altar of Vehumet.
    55 | D        | Found a corrupted altar of Lugonu.
    55 | D        | Found a roughly hewn altar of Beogh.
    56 | D        | Found a hide-covered altar of Uskayaw.
    56 | D        | Found an ancient bone altar of Kikubaaqudgha.
    56 | D        | Found a shattered altar of Ashenzari.
    62 | D        | Became a worshipper of the Wu Jian Council
   180 | D        | Learned a level 2 spell: Sticks to Snakes
   207 | D        | Reached * piety under Wu Jian
   238 | D        | Reached ** piety under Wu Jian
   252 | D        | Reached skill level 4 in Unarmed Combat
   252 | D        | Reached XP level 3. HP: 14/30 MP: 7/7
   269 | D        | Reached *** piety under Wu Jian
   430 | D        | Learned a level 3 spell: Spider Form
   436 | D        | Noticed a black bear
   438 | D        | Noticed a centaur
   442 | D        | Noticed a fire bat
   450 | D        | Killed a fire bat
   450 | D        | Reached skill level 5 in Unarmed Combat
   450 | D        | Reached skill level 5 in Transmutations
   450 | D        | Reached XP level 4. HP: 30/40 MP: 3/9
   450 | D        | Reached XP level 5. HP: 34/46 MP: 3/10
   453 | D        | Killed a black bear
   453 | D        | Reached **** piety under Wu Jian
   453 | D        | Reached skill level 5 in Dodging
   453 | D        | Reached skill level 6 in Unarmed Combat
   455 | D        | Reached XP level 6. HP: 28/53 MP: 3/12
   511 | D        | Learned a level 4 spell: Ice Form
   638 | D        | Noticed a porcupine
   639 | D        | Killed a porcupine
   639 | D        | Reached ***** piety under Wu Jian
   639 | D        | Reached skill level 5 in Fighting
   639 | D        | Reached skill level 7 in Unarmed Combat
   639 | D        | Reached skill level 1 in Ice Magic
   643 | D        | Noticed a spriggan
   645 | D        | Killed a spriggan
   645 | D        | Your scales start taking on a fiery red colour.
   645 | D        | Reduced skill Ice Magic to level 1
   645 | D        | Reached XP level 7. HP: 61/61 MP: 10/14
   645 | D        | Gained mutation: Your flesh is heat resistant. (rF+) [Red Draconian growth]
   650 | D        | Noticed Purgy
   660 | D        | Killed Purgy
   660 | D        | Reached skill level 5 in Spellcasting
   765 | D        | Learned a level 5 spell: Blade Hands
   826 | D        | Noticed a vampire
   826 | D        | Noticed a tarantella
   829 | D        | Killed a tarantella
   829 | D        | Reached skill level 5 in Stealth
   829 | D        | Reached skill level 8 in Unarmed Combat
   840 | D        | Killed a vampire
   840 | D        | Reached XP level 8. HP: 34/70 MP: 11/16
  1012 | D        | Noticed Crazy Yiuf
  1013 | D        | Noticed a rakshasa
  1017 | D        | Killed Crazy Yiuf
  1022 | D        | Killed a rakshasa
  1022 | D        | Reached skill level 9 in Unarmed Combat
  1022 | D        | Reached skill level 5 in Poison Magic
  1049 | D        | Noticed a guardian mummy
  1054 | D        | Reached XP level 9. HP: 69/79 MP: 7/18
  1061 | D        | Gained mutation: You have sharp toenails. [mutagenic meat]
  1062 | D        | Gained mutation: You are somewhat resistant to further mutation. [mutagenic meat]
  1064 | D        | Gained mutation: Your mind is acute. (Int +2) [mutagenic meat]
  1067 | D        | Noticed a demonic crawler
  1069 | D        | Killed a guardian mummy
  1078 | D        | Killed a demonic crawler
  1078 | D        | Reached ****** piety under Wu Jian
  1078 | D        | Reached skill level 10 in Unarmed Combat
  1304 | D        | Noticed a deep troll
  1306 | D        | Noticed a hellwing
  1311 | D        | Killed a deep troll
  1313 | D        | Killed a hellwing
  1313 | D        | Reached skill level 10 in Transmutations
  1398 | D        | Noticed Eustachio
  1404 | D        | Killed Eustachio
  1412 | D        | Noticed a polar bear
  1412 | D        | Noticed a lindwurm
  1414 | D        | Noticed a vampire knight
  1429 | D        | Killed a polar bear
  1429 | D        | Reached XP level 10. HP: 63/88 MP: 16/20
  1439 | D        | Killed a lindwurm
  1439 | D        | Reached skill level 10 in Dodging
  1439 | D        | Reached skill level 11 in Unarmed Combat
  1440 | D        | Reached skill level 5 in Ice Magic
  1445 | D        | Slain by a snapping turtle

Vault maps used:
D:        pitsprint

Skill      XL: |  1  2  3  4  5  6  7  8  9 10 |
---------------+-------------------------------+-----
Dodging        | 2 3 4 5 6 7 8 9 10 | 10.0
Stealth        | 1 3 4 5 6 7 |  7.4
Fighting       | 2 3 4 5 6 7 8 |  8.4
Unarmed Combat | 4 5 6 7 8 9 10 11 | 11.1
Transmutations | 3 5 7 9 10 | 10.7
Spellcasting   | 3 4 5 6 7 |  7.3
Poison Magic   | 2 3 4 5 6 7 |  7.1
Ice Magic      | 1 2 3 4 5 |  5.0

Action                   |  1- 3 |  4- 6 |  7- 9 | 10-12 || total
-------------------------+-------+-------+-------+-------++-------
Melee: Unarmed           |    58 |     9 |    74 |    13 ||   154
       Kick              |     4 |       |       |       ||     4
       Tailslap          |     3 |       |     7 |     2 ||    12
       Punch             |     2 |       |     1 |     3 ||     6
       Headbutt          |     2 |       |       |       ||     2
 Cast: Beastly Appendage |     5 |       |       |       ||     5
       Spider Form       |     2 |     1 |       |       ||     3
       Blade Hands       |       |       |     6 |       ||     6
       Sticks to Snakes  |       |       |     1 |       ||     1
Invok: Heavenly Storm    |       |       |     2 |       ||     2
       Serpent's Lash    |       |       |     1 |     1 ||     2
  Use: Potion            |     3 |       |     1 |     1 ||     5
 Stab: Sleeping          |     2 |     2 |     4 |       ||     8
  Eat: Chunk             |       |       |     6 |       ||     6
       Fruit             |       |       |    12 |       ||    12
Armor: Skin              |    16 |       |    24 |     5 ||    45
Dodge: Dodged            |    69 |    10 |    70 |    21 ||   170
